 Dungeon Crawl Stone Soup version 0.25-a0-448-g1f46b9f714 (webtiles) character file.

Game seed: 3295955874944398086, levelgen mode: deterministic

56 kae the Insei (level 3, 0/28 HPs)
             Began as a Draconian Transmuter on Jan 31, 2020.
             Slain by Robin
             ... wielding a +0 trident of freezing
              (3 damage)
             ... on level 2 of the Dungeon.
             The game lasted 00:01:49 (1406 turns).

kae the Insei (Draconian Transmuter)                Turns: 1406, Time: 00:01:49

Health: 0/28       AC:  5    Str: 12    XL:     3   Next: 69%
Magic:  5/6        EV: 12    Int: 13    God:
Gold:   34         SH:  0    Dex: 12    Spells: 5/6 levels left

rFire    . . .     SeeInvis .   i - +0 whip (flame)
rCold    . . .     Gourm    .   (no shield)
rNeg     . . .     Faith    .   (armour unavailable)
rPois    .         Spirit   .   (helmet restricted)
rElec    .         Reflect  .   (no cloak)
rCorr    .         Harm     .   (no gloves)
MR       .....                  (no boots)
Stlth    +.........             (no amulet)
HPRegen  0.09/turn              (no ring)
MPRegen  0.10/turn              (no ring)

@: appendage, slowed, very slow
A: unfitting armour, horns 2, cold-blooded, AC +5
a: End Transformation


You were on level 2 of the Dungeon.
You were not hungry.
You had grown temporary horns.
You visited 1 branch of the dungeon, and saw 2 of its levels.

You collected 34 gold pieces.

Inventory:

Hand Weapons
 d - a +0 short sword
 i - a +0 whip of flaming (weapon)
Missiles
 a - 12 arrows
Jewellery
 m - a +3 ring of strength {unknown}
Scrolls
 e - a scroll of amnesia
 h - a scroll of blinking
Potions
 b - a potion of degeneration
 f - a potion of cancellation
 j - a potion of heal wounds
 k - 3 potions of agility {unknown}
Comestibles
 c - 2 rations
 g - 2 chunks of flesh


   Skills:
 - Level 1.1 Fighting
 - Level 1.7 Dodging
 + Level 3.6 Unarmed Combat
 - Level 2.0 Spellcasting
 * Level 3.5 Transmutations


You had 5 spell levels left.
You knew the following spells:

 Your Spells              Type           Power        Failure   Level  Hunger
a - Beastly Appendage     Tmut           ##....       6%          1    ##.....

Your spell library contained the following spells:

 Spells                   Type           Power        Failure   Level  Hunger
 Sticks to Snakes         Tmut           ##......     9%          2    ###....
 Spider Form              Tmut/Pois      #.........   36%         3    ####...
 Ice Form                 Ice/Tmut       #.......     77%         4    #####..
 Blade Hands              Tmut           ##........   85%         5    ######.


Dungeon Overview and Level Annotations

Branches:
Dungeon (2/15)

Altars:

Annotations:
D:2 Robin


Innate Abilities, Weirdness & Mutations

Your plain brown scales are hard. (AC +5)
You cannot fit into any form of body armour.
You are cold-blooded and may be slowed by cold attacks.
You have a pair of horns on your head.


Message History

Robin is heavily wounded.
Robin hits you with a +0 trident of freezing.
Robin freezes you.
A kobold comes into view. It is wielding a +0 club.
You barely miss Robin. You tail-slap Robin.
Robin is severely wounded.
Robin closely misses you.
The kobold throws a stone.
The stone closely misses you. Robin misses you.
The kobold hits you with a +0 club.
You hit the kobold. You burn the kobold.
You kill the kobold!
Robin misses you.
Casting: Beastly Appendage (safe; 6% risk of failure)
Confirm with . or Enter, or press ? or * to list all spells.
You extend your transformation's duration.
Robin hits you from afar with a +0 trident of freezing!
* * * LOW HITPOINT WARNING * * *
You feel yourself slow down. Robin freezes you.
You die...

..## ### . ....... .. ..#.#
.. ... .... ..###.#######.#
#............Y#
#.........##g# .......g.##)#
.........##@#
##.##..##..#####.#
#..#..##.≈.......#
......##.........#
.................###########
...........................#
........###..###...........#
........# ##.# #.###########
....†...# #)# #.#


You could see a sky beast and Robin.

Vanquished Creatures
  A dart slug (D:1)
  A leopard gecko (D:1)
  2 bats (D:1)
  A giant cockroach (D:1)
  9 goblins
  8 hobgoblins
  7 jackals
  12 kobolds
  4 frilled lizards
  3 rats (D:1)
48 creatures vanquished.

Notes
Turn   | Place    | Note
-------+----------+-------------------------------------------
     0 | D:1      | kae the Draconian Transmuter began the quest for the Orb.
     0 | D:1      | Reached XP level 1. HP: 16/16 MP: 3/3
   259 | D:1      | Reached XP level 2. HP: 23/23 MP: 3/5
   778 | D:1      | Reached XP level 3. HP: 25/28 MP: 6/6
  1179 | D:2      | Noticed Robin
  1378 | D:2      | Noticed a sky beast
  1406 | D:2      | Slain by Robin

Levels and vault maps discovered:
D:1:      minmay_arrival_jagged, layout_rooms, minmay_misc_feat_iff,
          amethyst_killhole, ebering_dispersal_statue_hall
D:2:      layout_basic, nicolae_overflow_crystal_walls,
          chequers_ecumenical_altar_lobes, minmay_misc_feat_enclosed,
          hangedman_abyss_or_decor_stabs, minmay_close_crescents, uniq_robin

Skill      XL: |  1  2 |
---------------+-------+-----
Transmutations | 3 |  3.5
Fighting       | |  1.1
Dodging        | |  1.7
Unarmed Combat | |  3.6
Spellcasting   | |  2.0

Action                   || total
-------------------------++-------
Melee: Unarmed           ||    20
       Short sword       ||    47
       Headbutt          ||     7
       Whip              ||    87
       Tailslap          ||    13
       Kick              ||     7
       Punch             ||     2
 Cast: Beastly Appendage ||    20
  Use: Scroll            ||     9
       Potion            ||     1
  Eat: Chunk             ||     2
Armor: Skin              ||    65
Dodge: Dodged            ||   118

Table legend:
 A = Non-vault XP
 B = Vault XP
 C = Vault XP percentage of total XP
 D = Non-vault monster count
 E = Vault monster count
 F = Vault count percentage of total count
                 A         B        C        D         E       F
            +---------+---------+-------+---------+---------+-------
      Total |      59 |      21 |  26.2 |      37 |      11 |  22.9
            +---------+---------+-------+---------+---------+-------
        D:1 |      42 |       0 |   0.0 |      27 |       0 |   0.0
        D:2 |      17 |      21 |  55.3 |      10 |      11 |  52.4
            +---------+---------+-------+---------+---------+-------
